 Dungeon Crawl Stone Soup version 0.29.1-12-g30fa7ad0bf (webtiles) character file.

Game seed: 5035396250500103486

64 mopl the Magician (level 4, -3/27 HPs)
             Began as an Octopode Hedge Wizard on Jan 2, 2023.
             Killed from afar by Sigmund (9 damage)
             ... with a magic dart
             ... on level 2 of the Dungeon.
             The game lasted 00:02:15 (1234 turns).

mopl the Magician (Octopode Hedge Wizard)           Turns: 1234, Time: 00:02:16

Health: -3/27      AC:  1    Str:  9    XL:     4   Next: 12%
Magic:  9/9        EV: 13    Int: 18    God:
Gold:   25         SH:  0    Dex: 11    Spells: 4/10 levels left

rFire   . . .      SeeInvis .   a - +4 trident (freeze)
rCold   . . .      Faith    .   (no shield)
rNeg    . . .      Spirit   .   b - +0 hat
rPois   .          Reflect  .   (no amulet)
rElec   .          Harm     .   (no ring)
rCorr   .          Rampage  .   (no ring)
Will    .....                   (no ring)
Stlth   +++.......              (no ring)
HPRegen 0.09/turn               (no ring)
MPRegen 0.11/turn               (no ring)
                                (no ring)
                                (no ring)

@: no status effects
A: almost no armour, amphibious, 8 rings, camouflage 1, gelatinous body 1,
(nimble swimmer 1), tentacles
a: no special abilities


You were on level 2 of the Dungeon.
You visited 1 branch of the dungeon, and saw 2 of its levels.

You collected 25 gold pieces.

Inventory:

Hand Weapons
 a - a +4 trident of freezing (weapon)
 k - a +0 dagger of protection
Missiles
 e - 2 throwing nets
Armour
 b - a +0 hat (worn)
Scrolls
 i - a scroll of fog {unknown}
 j - a scroll of amnesia
 l - a scroll of enchant weapon {unknown}
Potions
 c - a potion of magic
 f - a potion of degeneration {unknown}
 h - a potion of mutation {unknown}
 m - a potion of might {unknown}


   Skills:
 - Level 2.0 Dodging
 - Level 2.6 Stealth
 + Level 3.6 Spellcasting
 + Level 2.4 Conjurations
 - Level 1.0 Summonings
 + Level 1.3 Translocations
 + Level 0.7 Air Magic
 + Level 1.0 Poison Magic


You had 4 spell levels left.
You knew the following spells:

 Your Spells              Type           Power      Damage    Failure   Level
a - Magic Dart            Conj           44%        1d5       6%          1
c - Mephitic Cloud        Conj/Pois/Air  8%         N/A       26%         3
e - Blink                 Tloc           16%        N/A       13%         2

Your spell library contained the following spells:

 Spells                   Type           Power      Damage    Failure   Level
 Slow                     Hex            12%        N/A       16%         1
 Call Imp                 Summ           6%         N/A       16%         2
 Conjure Flame            Conj/Fire      7%         6-21      28%         3


Dungeon Overview and Level Annotations

Branches:
Dungeon (2/15)

Altars:

Annotations:
D:2 Sigmund


Innate Abilities, Weirdness & Mutations

You cannot wear most types of armour.
You are amphibious.
You can wear up to eight rings at the same time.
Your skin changes colour to match your surroundings (Stealth+).
Your rubbery body absorbs attacks. (AC +1, EV +1)
((You are camouflaged when in or above water. (Stealth+)))
You have tentacles for arms and can constrict up to eight enemies at once.


Message History

It was a potion of curing.
You feel better.
As you read the scroll labelled WABREZ CACEH, it crumbles to dust.
It is a scroll of amnesia.
Really abort (and waste the scroll)? [Y]es or [N]o only, please.
Really abort (and waste the scroll)?
Uppercase [Y]es or [N]o only, please.
Really abort (and waste the scroll)?
Okay, then.
You see here 3 poisoned darts.
Found a leather armour.
You feel stable enough to blink again.
Found a falchion.
A magic dart appears from out of thin air!
The magic dart hits you!
An adder comes into view.
Sigmund appears from thin air!
Reactivating autopickup.
Sigmund casts a spell at you.
You are confused.
You bump into the rock wall.
Sigmund gestures at you while chanting.
You are more confused.
Sigmund points at you and mumbles some strange words.
The magic dart hits you!
* * * LOW HITPOINT WARNING * * *
You're too confused to move!
You bump into the rock wall.
Sigmund barely misses you. Sigmund misses you.
You bump into the rock wall.
You closely miss Sigmund.
Sigmund is lightly wounded.
Sigmund gestures at you while chanting. The puff of flame misses you.
Sigmund hits you from afar with a +0 scythe.
* * * LOW HITPOINT WARNING * * *
You feel less confused. Sigmund gestures at you while chanting.
The magic dart hits you!
You die...

..#
####.###############.......
..# #.# #...{......... ..#
#.# #.#####.##..## .)# #.#
### #.# #.# ..# .)#
#.###.## #.# #.# )# ..#
#.##.#.## #.# #.# # ..#
#.#<###.###.#####.# ..#
#..## ##..@.......# ..#
#.#.###@###.#######
..########.#....## #...
.............#.#####.###
######...............#
#####............
#############


You could see Sigmund.

Vanquished Creatures
  Terence (D:2)
  A worm (D:2)
  5 ball pythons
  4 bats
  3 endoplasms
  4 giant cockroaches (D:1)
  A goblin (D:1)
  5 hobgoblins
  2 kobolds (D:1)
  A quokka (D:1)
  3 frilled lizards (D:1)
  A rat (D:1)
31 creatures vanquished.

Notes
Turn   | Place    | Note
-------+----------+-------------------------------------------
     0 | D:1      | mopl the Octopode Hedge Wizard began the quest for the Orb.
     0 | D:1      | Reached XP level 1. HP: 11/11 MP: 4/4
    77 | D:1      | Reached XP level 2. HP: 5/17 MP: 6/6
   658 | D:1      | Reached skill level 2 in Conjurations
   701 | D:1      | Reached XP level 3. HP: 18/21 MP: 7/7
   718 | D:1      | Learned a level 2 spell: Blink
   722 | D:1      | Learned a level 3 spell: Mephitic Cloud
   982 | D:2      | Noticed Terence
  1006 | D:2      | Killed Terence
  1007 | D:2      | Reached skill level 1 in Poison Magic
  1007 | D:2      | Reached XP level 4. HP: 17/27 MP: 6/9
  1194 | D:2      | Noticed Sigmund
  1234 | D:2      | Killed from afar by Sigmund

Illustrated notes

Levels and vault maps discovered:
D:1:      dpeg_arrival_tiny_g, layout_loops_ring
D:2:      layout_loops_ring, uniq_terence, uniq_sigmund

Skill      XL: |  1  2  3 |
---------------+----------+-----
Conjurations   | 2 |  2.4
Poison Magic   | 1 |  1.0
Dodging        | |  2.0
Stealth        | |  2.6
Spellcasting   | |  3.6
Summonings     | |  1.0
Translocations | |  1.3
Air Magic      | |  0.7

Action                   |  1- 3 |  4- 6 || total
-------------------------+-------+-------++-------
Melee: Dagger            |    70 |       ||    70
       Tentacles         |    17 |       ||    17
       Constrict         |    15 |       ||    15
       Trident           |       |     3 ||     3
Throw: Dart              |     2 |     5 ||     7
 Cast: Blink             |     1 |     1 ||     2
  Use: Scroll            |       |     1 ||     1
       Potion            |       |     1 ||     1
 Stab: Sleeping          |    10 |       ||    10
Armor: Skin              |    21 |       ||    21
Dodge: Dodged            |    61 |     3 ||    64
